 Dungeon Crawl Stone Soup version 0.28.0-53-g5a82cb258f (webtiles) character file.

Game seed: 6869703872775187898

38231 unlimited1921 the Thaumaturge (level 14, -1/88 HPs)
             Began as a Djinni Fire Elementalist on July 9, 2022.
             Was an Initiate of Jiyva.
             Slain by an elephant (18 damage)
             ... on level 6 of the Lair of Beasts.
             The game lasted 02:30:38 (36294 turns).

unlimited1921 the Thaumaturge (DjFE)               Turns: 36294, Time: 02:30:40

Health: -1/88      AC: 11    Str:  7    XL:     14   Next: 33%
Gold:   2195       EV: 10    Int: 21    God:    Jiyva [......] SH: 14 Dex: 15

rFire   + + .      SeeInvis .   s - +2 whip (freeze)
rCold   x . .      Faith    .   u - +4 kite shield
rNeg    + . .      Spirit   .   o - +0 ring mail
rPois   ∞          Reflect  .   N - +1 hat {Will+}
rElec   .          Harm     .   j - +1 cloak {Will+}
rCorr   .          Rampage  .   B - +0 pair of gloves
Will    +++..                   (boots unavailable)
Stlth   ++........              (no amulet)
HPRegen 0.24/turn               v - +4 ring of slaying
MPRegen 0.00/turn               G - ring of positive energy

@: flying, studying Dodging
A: sickness immunity, fire resistance 2, cold vulnerability 1, float, innate
caster, HP casting, extra vitality 1
a: Renounce Religion


You were on level 6 of the Lair of Beasts.
You worshipped Jiyva.
Jiyva was noncommittal.
You visited 4 branches of the dungeon, and saw 16 of its levels.
You also visited: Ossuary.

You collected 3756 gold pieces.
You spent 1550 gold pieces at shops.
You paid 11 gold pieces to Gozag.

Inventory:

Hand Weapons
 i - a +2 whip of draining
 m - a +2 battleaxe of venom
 s - a +2 whip of freezing (weapon)
 t - a +2 spear of flaming
 E - a +5 battleaxe
 J - a +2 flail
 U - a +2 hand axe of venom
Missiles
 a - 21 bolts
 b - 373 stones
 d - 5 atropa-tipped darts
 k - 6 boomerangs of dispersal
 w - 21 poisoned darts
 C - a curare-tipped dart
Armour
 c - a +0 scale mail
 j - a +1 cloak of willpower (worn)
 o - a +0 ring mail (worn)
 u - a +4 kite shield (worn)
 B - a +0 pair of gloves (worn)
 N - a +1 hat of willpower (worn)
Jewellery
 v - a +4 ring of slaying (left hand)
 G - a ring of positive energy (right hand)
Wands
 n - a wand of flame (7)
 r - a wand of polymorph (6)
 I - a wand of iceblast (5)
 P - a wand of paralysis (6) (quivered)
Scrolls
 p - a scroll of enchant weapon
 y - 4 scrolls of teleportation
 A - 2 scrolls of holy word
 K - a scroll of fog
 L - a scroll of magic mapping
 M - 2 scrolls of immolation
 Q - 2 scrolls of silence
Potions
 e - 2 potions of ambrosia {unknown}
 f - a potion of mutation
 g - 4 potions of lignification
 h - 2 potions of might {unknown}
 l - a potion of berserk rage
 q - 3 potions of heal wounds
 x - 2 potions of resistance {unknown}
 z - 3 potions of curing
 D - a potion of brilliance
 F - a potion of haste
 H - a potion of cancellation {unknown}
 T - a potion of flight {unknown}
 V - a potion of invisibility {unknown}
Miscellaneous
 O - a phial of floods


   Skills:
 + Level 3.7 Fighting
 - Level 2.6 Maces & Flails
 + Level 6.4 Throwing
 + Level 7.1 Armour
 + Level 5.6 Dodging
 + Level 4.3 Stealth
 * Level 6.5 Shields
 + Level 14.6 Spellcasting


You had 10 spell levels left.
You knew the following spells:

 Your Spells              Type           Power      Damage    Failure   Level
a - Foxfire               Conj/Fire      100%       2x1d9     1%          1
b - Scorch                Fire           100%       2d10      1%          2
c - Conjure Flame         Conj/Fire      67%        6-21      1%          3
d - Inner Flame           Hex/Fire       67%        N/A       1%          3
e - Flame Wave            Conj/Fire      67%        2d12      1%          4
f - Beastly Appendage     Tmut           100%       N/A       1%          1
g - Ensorcelled Hibernat  Hex/Ice        100%       N/A       1%          2
h - Frozen Ramparts       Ice            100%       1d12      1%          3
i - Confusing Touch       Hex            67%        N/A       1%          3
j - Manifold Assault      Tloc           67%        N/A       2%          5
k - Lee's Rapid Deconstr  Erth           33%        3d18*     2%          5
Your spell library was empty.

Dungeon Overview and Level Annotations

Branches:
Dungeon (8/15)             Temple (0/1) D:7            Lair (6/6) D:8
  Swamp (1/4) Lair:4       Spider (0/4) Lair:3        Slime (1/5) Lair:5
Ossuary (visited)

Altars:
Cheibriados
Gozag
Kikubaaqudgha
Jiyva

Shops:
D:3 ?   D:7 :

Annotations:
D:3 2 transporters
Lair:6 Rupert


Innate Abilities, Weirdness & Mutations

You are immune to sickness and miasma.
You are immune to poison.
Your flesh is very heat resistant. (rF++)
You are vulnerable to cold. (rC-)
You float through the air rather than walking.
You learn spells naturally, not from books.
Your magical power is your life essence.
You have superior vitality. (+4 MHP)


Message History

Confirm with . or Enter, or press ? or * to list all spells.
Aiming: Lee's Rapid Deconstruction (dangerous; 2% risk of failure)
Press: ? - help, Dir - move target A rock wall.
Okay, then.
Unknown command.
Press: ? - help, v - describe, . - travel
Here: an elephant (moderately wounded, berserk, incited by Gozag)
The floor.
An elephant is nearby!
Casting: Lee's Rapid Deconstruction (dangerous; 2% risk of failure)
Confirm with . or Enter, or press ? or * to list all spells.
Aiming: Lee's Rapid Deconstruction (dangerous; 2% risk of failure)
Press: ? - help, Dir - move target, p - elephant A rock wall.
The wall shatters!
You feel a bit more experienced.
The blast of rock fragments hits the elephant!!!
The elephant is severely wounded.
* * * LOW HITPOINT WARNING * * *
You hear a trumpeting!
You hear a howl!
The elephant tramples you.
* * * LOW HITPOINT WARNING * * *
You are shoved backwards!
You block the elephant's attack.
The elephant trunk-slaps you but does no damage.
Aiming: Paralyse
Press: ? - help, Q - select action, (/) - cycle Shift-Dir - straight line, f - elephant
Aim: an elephant (severely wounded, berserk, incited by Gozag, chance to affect: 17%)
The elephant resists with almost no effort.
The elephant tramples you.
* * * LOW HITPOINT WARNING * * *
You hold your ground!
The elephant closely misses you.
An elephant comes into view.
The elephant barely misses you.
The elephant trunk-slaps you but does no damage.
Aiming: Paralyse
Press: ? - help, Q - select action, (/) - cycle Shift-Dir - straight line, f/p - elephant
Aim: an elephant (severely wounded, berserk, incited by Gozag, chance to affect: 17%)
The elephant resists with almost no effort.
The elephant tramples you!!
You die...

...............
................ .....
.....$.......... .....
................ ......
..........Y....## $#....
.............##.##.... .
......Y..Y.#........#...
.............#..........
.........Y..##..@.#
...........###.Y..#
...........P#...###
..........h.#.#..#
...........#Y.#..PP.
..................P...
...####.####P..#.##...
## ## #P.#### .## #### #


You could see 3 elephants.

Vanquished Creatures
  Snorg (Lair:3)
  6 hydras
  A boulder beetle (Lair:4)
  A two-headed ogre (D:8)
  3 death yaks
  Nergalle (Lair:4)
  Pikel (D:4)
  16 elephants
  7 black mambas
  A torpor snail (Lair:5)
  13 cane toads
  3 rime drakes
  6 komodo dragons
  A troll (D:8)
  3 burning bushes (Lair:5)
  3 polar bears
  17 blink frogs
  Sigmund (D:6)
  27 yaks
  3 wyverns
  A redback (Lair:3)
  2 swamp worms (Lair:4)
  17 water moccasins
  3 orc warriors
  3 sky beasts
  A black bear (D:4)
  A necrophage (D:6)
  2 ogres
  13 wolves
  A centaur (D:6)
  A phantom (D:6)
  4 lemures (D:4)
  2 elf zombies (Ossuary)
  2 kobold brigands
  9 bullfrogs
  3 gnoll sergeants
  4 scorpions
  2 wyvern skeletons
  13 wights
  An electric eel (Lair:4)
  A centaur zombie (D:7)
  A bullfrog skeleton (D:7)
  A hound (D:5)
  An orc priest (D:8)
  A gnoll shaman (D:5)
  Jessica (D:3)
  2 iguanas (D:5)
  6 orc wizards
  3 hound zombies
  2 mummies
  17 gnolls
  4 river rats (D:8)
  8 adders
  A howler monkey skeleton (D:4)
  2 shadow imps (D:7)
  A white imp (D:6)
  2 ufetubi
  2 adder skeletons (D:4)
  2 adder zombies (Ossuary)
  A worm (D:3)
  3 dart slugs
  30 orcs
  3 bats
  6 endoplasms
  3 giant cockroaches (D:4)
  2 gnoll zombies (Ossuary)
  13 goblins
  9 hobgoblins
  9 jackals
  16 kobolds
  5 quokkas
  3 ball pythons
  6 frilled lizards
  2 jackal zombies (Ossuary)
  2 kobold zombies (Ossuary)
  7 rats
378 creatures vanquished.

Vanquished Creatures (others)
  3 bushes (Lair:5)
  874 foxfires
  62 fungi
  85 plants
1024 creatures vanquished.

Grand Total: 1402 creatures vanquished

Notes
Turn   | Place    | Note
-------+----------+-------------------------------------------
     0 | D:1      | unlimited1921 the Djinni Fire Elementalist began the quest
                  | for the Orb.
     0 | D:1      | Reached XP level 1. HP: 15/15 MP: 0/0
   260 | D:1      | Reached XP level 2. HP: 13/21 MP: 0/0
  1224 | D:1      | Reached skill level 3 in Spellcasting
  1376 | D:1      | Reached XP level 3. HP: 16/25 MP: 0/0
  1376 | D:1      | Learned a level 1 spell: Beastly Appendage
  2032 | D:2      | Found an opulent altar of Gozag.
  2040 | D:2      | Became a worshipper of Gozag Ym Sagoz the Greedy
  3891 | D:3      | Reached XP level 4. HP: 27/31 MP: 0/0
  4094 | D:3      | Noticed a small abomination
  4097 | D:3      | Noticed Jessica
  4101 | D:3      | Killed Jessica
  4102 | D:3      | Reached skill level 1 in Fighting
  4206 | D:3      | Reached skill level 1 in Maces & Flails
  4206 | D:3      | Reached XP level 5. HP: 30/37 MP: 0/0
  4206 | D:3      | Learned a level 2 spell: Ensorcelled Hibernation
  4283 | D:3      | Found a transporter.
  4917 | D:3      | Found a transporter.
  4918 | D:3      | Noticed a kobold brigand
  5019 | D:3      | Found Kogrof's Magic Scroll Shoppe.
  5027 | D:3      | Bought a scroll of blinking for 90 gold pieces
  5027 | D:3      | Bought a scroll of enchant weapon for 90 gold pieces
  5027 | D:3      | Bought a scroll of enchant armour for 90 gold pieces
  5679 | D:4      | Reached XP level 6. HP: 36/42 MP: 0/0
  5912 | D:4      | Noticed an ogre
  5931 | D:4      | Killed an ogre
  6112 | D:4      | Found a sand-covered staircase.
  6121 | Ossuary  | Entered an ossuary
  6132 | Ossuary  | Reached XP level 7. HP: 10/48 MP: 0/0
  6132 | Ossuary  | Learned a level 3 spell: Frozen Ramparts
  6135 | Ossuary  | Reached skill level 4 in Spellcasting
  6153 | Ossuary  | Reached skill level 1 in Shields
  7599 | D:4      | Noticed Pikel
  7614 | D:4      | Killed Pikel
  7615 | D:4      | Reached skill level 5 in Spellcasting
  7615 | D:4      | Reached XP level 8. HP: 24/54 MP: 0/0
  8044 | D:4      | HP: 2/54 [gnoll sergeant/+2 spear of flaming (6)]
  8062 | D:4      | Reached skill level 6 in Spellcasting
  8358 | D:5      | Entered Level 5 of the Dungeon
  8574 | D:5      | Reached XP level 9. HP: 40/58 MP: 0/0
  8574 | D:5      | Learned a level 3 spell: Confusing Touch
  9425 | D:5      | Reached skill level 7 in Spellcasting
 11410 | D:6      | Reached skill level 8 in Spellcasting
 11973 | D:6      | Noticed Sigmund
 11981 | D:6      | Killed Sigmund
 12209 | D:7      | Reached skill level 1 in Armour
 12212 | D:7      | Reached XP level 10. HP: 38/65 MP: 0/0
 12780 | D:7      | Found Ziraqas's Book Emporium.
 12912 | D:7      | Found a staircase to the Ecumenical Temple.
 13073 | D:7      | Reached skill level 9 in Spellcasting
 15010 | D:8      | Noticed a two-headed ogre
 15019 | D:8      | Killed a two-headed ogre
 15812 | D:8      | Found a snail-covered altar of Cheibriados.
 16718 | D:8      | Noticed a death yak
 16723 | D:8      | Noticed a death yak
 16724 | D:8      | Killed a death yak
 16725 | D:8      | Reached skill level 1 in Throwing
 16725 | D:8      | Reached skill level 10 in Spellcasting
 16725 | D:8      | Reached XP level 11. HP: 51/70 MP: 0/0
 16725 | D:8      | Learned a level 5 spell: Manifold Assault
 16911 | D:8      | Noticed a death yak
 17205 | D:7      | HP: 3/70 [death yak (19)]
 17730 | D:7      | Killed a death yak
 18247 | D:8      | Killed a death yak
 18651 | D:8      | Found a staircase to the Lair.
 19413 | Lair:1   | Entered Level 1 of the Lair of Beasts
 19413 | Lair:1   | Noticed a six-headed hydra
 19418 | Lair:1   | Killed a six-headed hydra
 20079 | Lair:1   | Reached skill level 5 in Armour
 20703 | Lair:1   | Reached skill level 11 in Spellcasting
 21920 | Lair:1   | You are sucked into a shaft and drop 1 floor!
 21928 | Lair:2   | Reached XP level 12. HP: 33/76 MP: 0/0
 22364 | Lair:2   | Noticed a five-headed hydra
 22372 | Lair:2   | Killed a five-headed hydra
 23247 | Lair:2   | Reached skill level 12 in Spellcasting
 24868 | D:7      | Bought a manual of Dodging for 1280 gold pieces
 25343 | Lair:3   | Reached skill level 5 in Throwing
 25648 | Lair:3   | Noticed a four-headed hydra
 25655 | Lair:3   | Killed a four-headed hydra
 25833 | Lair:3   | Reached XP level 13. HP: 54/82 MP: 0/0
 25833 | Lair:3   | Learned a level 5 spell: Lee's Rapid Deconstruction
 26839 | Lair:3   | Noticed Snorg
 26845 | Lair:3   | Killed Snorg
 27428 | Lair:3   | Reached skill level 5 in Dodging
 27647 | Lair:3   | Found a hole to the Spider Nest.
 27781 | Lair:3   | Reached skill level 13 in Spellcasting
 28635 | Lair:4   | Noticed Nergalle
 28643 | Lair:4   | Killed Nergalle
 29312 | Lair:4   | Noticed a boulder beetle
 29332 | Lair:4   | Killed a boulder beetle
 29333 | Lair:4   | Reached skill level 5 in Shields
 29770 | Lair:4   | Noticed a four-headed hydra
 29774 | Lair:4   | Killed a four-headed hydra
 30889 | Lair:4   | Noticed a seven-headed hydra
 30895 | Lair:4   | Killed a seven-headed hydra
 31948 | Lair:4   | Found a staircase to the Swamp.
 31955 | Swamp:1  | Entered Level 1 of the Swamp
 31955 | Swamp:1  | Noticed an eleionoma
 31955 | Swamp:1  | Noticed a four-headed hydra
 32029 | Lair:5   | Noticed a five-headed hydra
 32639 | Lair:4   | Reached skill level 14 in Spellcasting
 32639 | Lair:4   | Reached XP level 14. HP: 26/87 MP: 0/0
 35328 | Lair:5   | Found a viscous altar of Jiyva.
 35328 | Lair:5   | Found a staircase to the Slime Pits.
 35911 | Slime:1  | Entered Level 1 of the Pits of Slime
 35911 | Slime:1  | Noticed a rockslime
 35911 | Slime:1  | Noticed an acid blob
 35915 | Lair:5   | Fell from the grace of Gozag
 35915 | Lair:5   | Became a worshipper of Jiyva Juniafod the Shapeless
 35997 | Lair:6   | Entered Level 6 of the Lair of Beasts
 35997 | Lair:6   | Noticed Rupert
 36294 | Lair:6   | Slain by an elephant

Illustrated notes

Levels and vault maps discovered:
D:1:      dpeg_arrival_round_a, layout_basic, minmay_strange_pillars
D:2:      layout_loops_corners, basic_altar
D:3:      layout_rooms, gammafunk_ghost_abyssal_escape, serial_shops,
          nicolae_diamond_shop, serial_bayou_pond_b, minmay_misc_feat_diagonals,
          uniq_jessica
D:4:      layout_cave_pods, chequers_ossuary_entry_cave, hex_large, uniq_pikel
D:5:      layout_basic
D:6:      layout_basic, uniq_sigmund
D:7:      kennysheep_spiral_hall, layout_basic,
          minmay_temple_entry_glassed_door, serial_shops, shop, grunt_decor_cap
D:8:      layout_layer_cave, slow_altar_1, dpeg_lair_monsters, special_room
          [special_room_orc]
Lair:1:   layout_loops_ring, serial_bayou_shore_a
Lair:2:   layout_roguey
Lair:3:   layout_regular_city, spider_nest_entry_webs, uniq_snorg
Lair:4:   beast_lair_carwin_large_1, layout_loops_ring,
          nicolae_swamp_entry_splash_gauntlet, basic_altar, uniq_nergalle
Lair:5:   layout_roguey, slime_altar_1, evilmike_ambush
          [evilmike_ambush_outer_corners, evilmike_ambush_inner_basic],
          grunt_megastairs_2
Lair:6:   minmay_lair_end_enchanted_forest, layout_regular_city, dpeg_oklob_1,
          infiniplex_staircase_pool, uniq_rupert
Swamp:1:  layout_falls_marsh, hangedman_swamp_cone, swamp_pool1, uniq_jorgrun
Slime:1:  layout_caves

Skill      XL: |  1  2  3  4  5  6  7  8  9 10 11 12 13 14 |
---------------+-------------------------------------------+-----
Spellcasting   | 3 5 6 8 10 11 12 14 | 14.6
Stealth        | 2 3 4 |  4.3
Fighting       | 1 2 3 |  3.7
Maces & Flails | 1 2 |  2.6
Dodging        | 3 4 5 |  5.6
Shields        | 1 2 3 4 5 6 |  6.5
Armour         | 1 3 5 6 7 |  7.1
Throwing       | 1 3 5 6 |  6.4

Action                   |  1- 3 |  4- 6 |  7- 9 | 10-12 | 13-15 || total
-------------------------+-------+-------+-------+-------+-------++-------
Melee: Whip              |    39 |    61 |    13 |    24 |    37 ||   174
Throw: Dart              |       |       |       |    12 |     3 ||    15
       Throwing net      |       |       |       |     2 |       ||     2
       Stone             |       |       |       |     1 |       ||     1
 Cast: Foxfire           |    57 |    65 |   118 |   239 |    42 ||   521
       Scorch            |       |     3 |    41 |   102 |    25 ||   171
       Ensorcelled Hiber |       |     2 |     4 |     3 |     2 ||    11
       Inner Flame       |       |     2 |    44 |    87 |    30 ||   163
       Frozen Ramparts   |       |       |     3 |     8 |     2 ||    13
       Conjure Flame     |       |       |     1 |     5 |       ||     6
       Confusing Touch   |       |       |       |     3 |       ||     3
       Flame Wave        |       |       |       |     2 |     1 ||     3
       Manifold Assault  |       |       |       |     2 |     1 ||     3
       Lee's Rapid Decon |       |       |       |       |   143 ||   143
Evoke: Wand              |       |       |       |       |     2 ||     2
  Use: Scroll            |       |     4 |     3 |    11 |     7 ||    25
       Potion            |       |     3 |     4 |     4 |     3 ||    14
 Stab: Sleeping          |     1 |     1 |       |       |       ||     2
Armor: Robe              |     9 |    33 |     8 |       |       ||    50
       Skin              |       |       |     5 |       |       ||     5
       Ring mail         |       |       |       |    45 |    40 ||    85
Dodge: Dodged            |    28 |    65 |    27 |    47 |    26 ||   193
Block: Buckler           |     2 |    19 |     4 |       |       ||    25
       Kite shield       |       |       |     3 |    71 |    53 ||   127
